 Dungeon Crawl Stone Soup version 0.19.4 (webtiles) character file.

44 Kiturien the Charlatan (level 3, 0/23 HPs)
             Began as an Octopode Artificer on Feb 3, 2017.
             Succumbed to an adder's poison
             ... on level 3 of the Dungeon.
             The game lasted 00:01:44 (795 turns).

Kiturien the Charlatan (Octopode Artificer)          Turns: 795, Time: 00:01:45

Health: 0/23       AC:  1    Str: 11    XL:     3   Next: 60%
Magic:  6/6        EV: 14    Int: 13    God:
Gold:   62         SH:  0    Dex: 13    Spells: 0 memorised, 2 levels left

rFire  . . .     SeeInvis .     a - +0 short sword
rCold  . . .     Gourm    .     (no shield)
rNeg   . . .     Faith    .     (helmet restricted)
rPois  .         Spirit   .     (no amulet)
rElec  .         Reflect  .     (no ring)
rCorr  .         Harm     .     (no ring)
MR     .....                    (no ring)
Stlth  +++.......               (no ring)
                                (no ring)
                                (no ring)
                                (no ring)
                                (no ring)

@: lethally poisoned (0 -> -4)
A: almost no armour, stealthy swim, amphibious, 8 rings, constrict 8, camouflage
1, gelatinous body 1
a: no special abilities


You were on level 3 of the Dungeon.
You were not hungry.

You visited 1 branch of the dungeon, and saw 3 of its levels.

You collected 62 gold pieces.

Inventory:

Hand Weapons
 a - a +0 short sword (weapon)
Wands
 b - a wand of flame (15/48)
 c - a wand of enslavement (15/24)
 d - a wand of random effects (15/48)
Scrolls
 h - a scroll of fear {unknown}
 j - a scroll of fog {unknown}
 k - 3 scrolls of identify {unknown}
Potions
 e - a potion of beneficial mutation {unknown}
 i - a potion of brilliance {unknown}
Comestibles
 f - 2 bread rations
 g - a royal jelly


   Skills:
 + Level 1.3 Fighting
 + Level 1.7 Short Blades
 + Level 2.4 Dodging
 + Level 1.9 Stealth
 + Level 4.0 Evocations


You had 2 spell levels left.
You didn't know any spells.

Dungeon Overview and Level Annotations

Branches:
Dungeon (3/15)

Altars:


Innate Abilities, Weirdness & Mutations

You cannot wear most types of armour.
You are very stealthy in the water. (Stealth+)
You are amphibious.
You can wear up to eight rings at the same time.
You can use your tentacles to constrict eight enemies at once.
Your skin changes colour to match your surroundings (Stealth+).
Your rubbery body absorbs attacks. (AC +1, EV +1)


Message History

You hit the bat but do no damage. You grab the bat.
You constrict the bat, but do no damage.
* * * LOW HITPOINT WARNING * * *
You feel sick. The bat closely misses you.
The bat struggles to escape constriction.
The bat hits you but does no damage. The rat barely misses you.
The kobold closely misses you.
You hit the bat.
You kill the bat!
The rat barely misses you. The kobold closely misses you.
You barely miss the rat. You grab the rat. You constrict the rat.
The rat bites you but does no damage. The kobold barely misses you.
The rat barely misses you.
You hit the rat.
You kill the rat!
The rat bites you.
* * * LOW HITPOINT WARNING * * *
The kobold hits you.
* * * LOW HITPOINT WARNING * * *
You die...

##.....##
##.......##
#.........#
#.........#
#.........#
#.........#
#..>......#
#..[......#
#..K@r....# ##
#.........##.#
#<...........#
#.........<#
##.$.....#...#
#...#.....$........
#....[........###...
#...........#.# ..
.....#.........#


You could see a kobold and a rat.

Vanquished Creatures
  An adder (D:3)
  A worm (D:2)
  2 dart slugs
  A ball python (D:3)
  4 hobgoblins (D:1)
  2 jackals (D:1)
  A quokka (D:2)
  5 bats
  5 kobolds
  8 rats
30 creatures vanquished.

Notes
Turn   | Place    | Note
-------+----------+-------------------------------------------
     0 | D:1      | Kiturien the Octopode Artificer began the quest for the Orb.
     0 | D:1      | Reached XP level 1. HP: 13/13 MP: 3/3
   273 | D:1      | Reached XP level 2. HP: 18/18 MP: 4/4
   660 | D:2      | Reached XP level 3. HP: 23/23 MP: 5/5
   733 | D:2      | Reached skill level 4 in Evocations
   794 | D:3      | HP: 1/23 [kobold (2)]
   795 | D:3      | Succumbed to an adder's poison

Skill      XL: |  1  2  3 |
---------------+----------+-----
Evocations     | 4 |  4.0
Fighting       | |  1.3
Short Blades   | |  1.7
Dodging        | |  2.4
Stealth        | |  1.9

Action                   || total
-------------------------++-------
Melee: Short sword       ||    69
       Constrict         ||    18
       Tentacles         ||     9
 Stab: Sleeping          ||     8
Armor: Skin              ||    16
Dodge: Dodged            ||    79
